 Dungeon Crawl Stone Soup version 0.27-a0-1105-g946c659c87 (webtiles) character file.

Game seed: 9072483466642800704

667 tsouns the Skirmisher (level 7, -15/90 HPs)
             Began as a Demonspawn Delver on Apr 30, 2021.
             Was an Initiate of Gozag.
             Demolished by a sun demon (17 damage)
             ... summoned by a kobold demonologist
             ... on level 8 of the Dungeon.
             The game lasted 00:10:07 (6200 turns).

tsouns the Skirmisher (Demonspawn Delver)           Turns: 6200, Time: 00:10:08

Health: -15/90     AC: 23    Str: 13    XL:     7   Next: 31%
Magic:  7/7        EV:  2    Int: 13    God:    Gozag
Gold:   762        SH:  0    Dex: 14    Spells: 6/6 levels left

rFire    . . .     SeeInvis .   a - +0 spear
rCold    . . .     Faith    .   (no shield)
rNeg     + + +     Spirit   .   (armour currently unavailable)
rPois    +         Reflect  .   (helmet currently unavailable)
rElec    .         Harm     .   (cloak currently unavailable)
rCorr    .         Rampage  .   (gloves currently unavailable)
Will     .....     NoTele   +   (boots currently unavailable)
Stlth    +++.......             (no amulet)
HPRegen  0.25/turn              (no ring)
MPRegen  0.10/turn              (no ring)

@: tree-form
A: stationary, stasis, torment immunity, boosted hp, (claws 1), rugged brown
scales 1, foul stench 1, powered by pain 1
a: Renounce Religion, Potion Petition, Call Merchant, Bribe Branch


You were on level 8 of the Dungeon.
You worshipped Gozag.
Gozag was pleased with you.
You were a tree.
You visited 1 branch of the dungeon, and saw 8 of its levels.

You collected 762 gold pieces.

Inventory:

Hand Weapons
 a - a +0 spear (weapon)
Armour
 b - a +0 leather armour
 d - a +0 cloak (melded)
 i - a +1 plate armour (melded)
Jewellery
 n - an amulet of faith
Wands
 g - a wand of digging (3)
Scrolls
 c - a scroll of fog
 e - a scroll of fear
 j - a scroll of amnesia
 o - a scroll of teleportation
 p - 2 scrolls of magic mapping
Potions
 f - a potion of heal wounds
 h - a potion of lignification
 k - 2 potions of curing
 l - a potion of cancellation
 r - a potion of brilliance {unknown}


   Skills:
 + Level 6.4 Fighting
 + Level 5.4 Polearms
 - Level 1.7 Dodging
 - Level 4.5 Stealth


You had 6 spell levels left.
You didn't know any spells.
Your spell library contained the following spells:

 Spells                   Type           Power      Damage    Failure   Level
 Foxfire                  Conj/Fire      0%         2x1d4     30%         1
 Conjure Flame            Conj/Fire      0%         6-21      67%         3
 Inner Flame              Hex/Fire       0%         N/A       67%         3
 Sticky Flame             Conj/Fire      0%         2d3       97%         4
 Fireball                 Conj/Fire      0%         3d3       100%        5


Dungeon Overview and Level Annotations

Branches:
Dungeon (8/15)
 Temple: D:4-7         Lair: D:8-11

Altars:
Gozag
Nemelex Xobeh


Innate Abilities, Weirdness & Mutations

You are a tree.
Your roots penetrate the ground, keeping you stationary.
You cannot be teleported.
You are immune to unholy pain and torment.
Your maximum health is greatly increased.
Your equipment is partially melded.
((You have sharp fingernails.))
(You are partially covered in rugged brown scales. (AC +1, +3% HP))
You may rarely emit foul miasma when damaged in melee.
You sometimes gain a little power by taking damage.


Message History

The bullfrog is engulfed in dark miasma.
The bullfrog is poisoned.
The bullfrog hits you but does no damage.
The crimson imp blinks!
The kobold demonologist casts a spell.
The iron imp hits you but does no damage.
You hit the kobold demonologist but do no damage.
The kobold demonologist is heavily wounded.
The sixfirhy hits you but does no damage.
The bullfrog is engulfed in dark miasma.
The bullfrog looks even sicker.
The bullfrog seems to slow down.
The bullfrog hits you but does no damage.
The sixfirhy hits you but does no damage.
The kobold demonologist begins to cast a cantrip, but forgets the words!
The bullfrog is engulfed in dark miasma.
The bullfrog looks even sicker.
The bullfrog seems to slow down.
The bullfrog hits you but does no damage.
The iron imp hits you but does no damage.
You miss the kobold demonologist.
The kobold demonologist is heavily wounded.
The sixfirhy hits you but does no damage. x2
The ufetubus barely misses you. The ufetubus hits you.
The kobold demonologist hits you but does no damage.
The sun demon hits you!
You are engulfed in flames!
* * * LOW HITPOINT WARNING * * *
You barely miss the kobold demonologist.
The kobold demonologist is heavily wounded.
The bullfrog is engulfed in dark miasma.
The bullfrog looks as sick as possible!
The bullfrog seems to slow down.
The bullfrog hits you but does no damage.
The ufetubus hits you.
* * * LOW HITPOINT WARNING * * *
The ufetubus hits you but does no damage.
The iron imp hits you.
* * * LOW HITPOINT WARNING * * *
The crimson imp blinks!
The sun demon hits you!
* * * LOW HITPOINT WARNING * * *
You are engulfed in flames!
You die...
Your body crumbles into a pile of gold.

######
####.F..##
#....5♣3.#
......53K.#
...........#
..........##
..§..>....#
..........#
.........##
(.(...5..#


You could see a sun demon (summoned), a kobold demonologist, a sixfirhy
(summoned), a bullfrog (extremely poisoned, slow), an iron imp (summoned), a
crimson imp (summoned) and an ufetubus (summoned).

Vanquished Creatures
  A black bear (D:5)
  An ogre (D:6)
  A phantom (D:5)
  A scorpion (D:5)
  A centaur zombie (D:5)
  A centaur skeleton (D:6)
  An orc priest (D:3)
  A bullfrog skeleton (D:5)
  3 orc wizards
  A howler monkey zombie (D:6)
  4 adders
  A white imp (D:5)
  2 dart slugs
  21 orcs
  8 endoplasms
  5 giant cockroaches
  4 goblins
  8 hobgoblins
  5 jackals (D:2)
  3 kobolds
  A quokka (D:3)
  6 ball pythons
  6 bats
  3 frilled lizards
  3 rats
92 creatures vanquished.

Vanquished Creatures (others)
  2 plants (D:3)
2 creatures vanquished.

Grand Total: 94 creatures vanquished

Notes
Turn   | Place    | Note
-------+----------+-------------------------------------------
     0 | D:5      | tsouns the Demonspawn Delver began the quest for the Orb.
     0 | D:5      | Reached XP level 1. HP: 18/18 MP: 1/1
    62 | D:3      | Found a faded altar of an unknown god.
    72 | D:3      | Became a worshipper of Gozag Ym Sagoz the Greedy
   284 | D:1      | Gained mutation: You have sharp fingernails. [demonic
                  | ancestry]
   284 | D:1      | Reached XP level 2. HP: 24/24 MP: 2/2
   937 | D:1      | Gained mutation: You sometimes gain a little power by
                  | taking damage. [demonic ancestry]
   937 | D:1      | Reached XP level 3. HP: 29/29 MP: 3/3
  1574 | D:2      | Reached skill level 4 in Fighting
  1927 | D:2      | Reached XP level 4. HP: 24/37 MP: 4/4
  3473 | D:3      | Gained mutation: You are partially covered in rugged brown
                  | scales. (AC +1, +3% HP) [demonic ancestry]
  3473 | D:3      | Reached XP level 5. HP: 19/44 MP: 5/5
  4002 | D:4      | You fall into a shaft and drop 3 floors!
  4005 | D:7      | Noticed an orc warrior
  4234 | D:6      | Noticed an ogre
  4241 | D:6      | Killed an ogre
  4242 | D:6      | Reached skill level 5 in Fighting
  4337 | D:6      | Gained mutation: You may rarely emit foul miasma when
                  | damaged in melee. [demonic ancestry]
  4337 | D:6      | Reached XP level 6. HP: 44/52 MP: 6/6
  4855 | D:6      | Noticed an orc warrior
  5223 | D:5      | Reached skill level 6 in Fighting
  5223 | D:5      | Reached skill level 5 in Polearms
  5223 | D:5      | Reached XP level 7. HP: 37/59 MP: 7/7
  5230 | D:5      | Found a sparkling altar of Nemelex Xobeh.
  6181 | D:8      | Noticed a kobold demonologist
  6196 | D:8      | Noticed a sun demon
  6198 | D:8      | Noticed a sixfirhy
  6200 | D:8      | HP: 2/90 [sun demon[a kobold demonologist] (16)]
  6200 | D:8      | Demolished by a sun demon

Illustrated notes

Levels and vault maps discovered:
D:1:      lightli_arrival_chessboard, layout_basic
D:2:      layout_basic, st_stairs_8, minmay_pentomino_x4
D:3:      layout_rooms, shapermc_ecumenical_altar_gd, serial_bayou_pond_d
D:4:      layout_gridville, minmay_temple_entry_slanted, uniq_pikel
D:5:      layout_rooms, nemelex_spade_bored_becter
D:6:      layout_basic, lemuel_tele_altar, minivault_19, minmay_misc_feat_rows
D:7:      layout_gridville
D:8:      layout_cave_pods, okawaru_metal_pillars_3,
          nicolae_overflow_crystal_walls, jmf_multi_god_temple, serial_shops,
          shop

Skill      XL: |  1  2  3  4  5  6 |
---------------+-------------------+-----
Polearms       | 2 3 4 5 |  5.4
Fighting       | 4 5 6 |  6.4
Dodging        | |  1.7
Stealth        | |  4.5

Action                   |  1- 3 |  4- 6 |  7- 9 || total
-------------------------+-------+-------+-------++-------
Melee: Spear             |   211 |   308 |    91 ||   610
Throw: Throwing net      |     2 |       |       ||     2
       Javelin           |       |     7 |     3 ||    10
  Use: Scroll            |     1 |     2 |     4 ||     7
       Potion            |     1 |     2 |     3 ||     6
 Stab: Sleeping          |    10 |       |       ||    10
       Distracted        |     1 |     1 |       ||     2
Armor: Leather armour    |    51 |       |       ||    51
       Plate armour      |    32 |   179 |    71 ||   282
       Skin              |       |    23 |    24 ||    47
Dodge: Dodged            |    64 |    28 |    25 ||   117

Table legend: (Time is in decaauts)
 A = Elapsed time spent in this place.
 B = Non-inter-level travel time spent in this place.
 C = Inter-level travel time spent in this place.
 D = Time resting spent in this place.
 E = Time spent auto-exploring this place.
 F = Levels seen in this place.
 G = Mean time per level.
                   A        B        C        D        E       F      G
               +--------+--------+--------+--------+--------+-----+--------+
         Total |   6140 |   5955 |    185 |     48 |   4725 |   8 |  767.5 |
       Dungeon |   6140 |   5955 |    185 |     48 |   4725 |   8 |  767.5 |
               +--------+--------+--------+--------+--------+-----+--------+

Top non-repeatable levels by time:
     D:3: 1523 daAuts
     D:2: 1280 daAuts
     D:1: 1110 daAuts
     D:5: 1087 daAuts
     D:6: 897 daAuts
     D:7: 192 daAuts
     D:4: 30 daAuts
     D:8: 17 daAuts
